 Seeded DCSS version 0.31-a0-128-g25add195a6 (webtiles) character file.

Game seed: 7874527132160914932 (custom seed)

98 Hubris850 the Trooper (level 4, -9/61 HPs)
             Began as a Minotaur Fighter on June 1, 2023.
             Splashed by a jelly's acid (10 damage)
             ... on level 4 of the Dungeon.
             The game lasted 00:05:29 (2488 turns).

Hubris850 the Trooper (Minotaur Fighter)            Turns: 2488, Time: 00:05:30

Health: -9/61      AC: 10    Str: 22    XL:     4   Next: 44%
Magic:  3/3        EV:  2    Int:  5    God:
Gold:   174        SH:  5    Dex: 10    Spells: 3/3 levels left

rFire   . . .        j - +0 spear
rCold   . . .        c - +1 buckler
rNeg    . . .        r - melded +9 scales of the Dragon King {rPois rF+ rC+ Will+}
rPois   +            (helmet currently unavailable)
rElec   .            (cloak currently unavailable)
rCorr   .            (gloves currently unavailable)
SInv    .            (boots currently unavailable)
Will    .....        (no amulet)
Stlth   +            (no ring)
HPRegen 0.30/turn    (no ring)
MPRegen 0.08/turn

%: no passive effects
@: tree-form, corroded, studying Polearms
A: stationary, stasis, torment immunity, boosted hp, (horns 2), (retaliatory
headbutt)
a: no special abilities


You were on level 4 of the Dungeon.
You were a tree.
You visited 1 branch of the dungeon, and saw 4 of its levels.

You collected 174 gold pieces.

Inventory:

Hand Weapons
 a - a +0 war axe
 j - a +0 spear (weapon)
Armour
 b - a +0 scale mail
 c - a +1 buckler (worn)
 r - the +9 scales of the Dragon King (melded) {rPois rF+ rC+ Will+}
   (You found it on level 3 of the Dungeon)

   rF:        It protects you from fire.
   rC:        It protects you from cold.
   rPois:     It protects you from poison.
   Will:      It increases your willpower.
Wands
 n - a wand of digging (3)
Scrolls
 f - a scroll of teleportation
 o - a scroll of poison {unknown}
 p - a scroll of brand weapon {unknown}
 q - 2 scrolls of enchant armour
 s - a scroll of blinking {unknown}
Potions
 d - a potion of might
 e - 2 potions of haste
 g - a potion of enlightenment
 h - 2 potions of cancellation
 k - a potion of curing {unknown}
 l - a potion of invisibility {unknown}
 m - 2 potions of berserk rage {unknown}


   Skills:
 + Level 4.7 Fighting
 - Level 2.4(2.7) Axes
 + Level 1.6(2.3) Polearms
 + Level 4.6 Armour
 + Level 4.6 Shields


You had 3 spell levels left.
You didn't know any spells.
Your spell library was empty.

Dungeon Overview and Level Annotations

Branches:
Dungeon (4/15)
 Temple: D:4-7

Altars:
Fedhas

Annotations:
D:4 2 transporters


Innate Abilities, Weirdness & Mutations

You are a tree.
Your roots penetrate the ground, keeping you stationary.
You cannot be teleported.
You are immune to unholy pain and torment.
Your maximum health is greatly increased.
Your equipment is partially melded.
((You have a pair of horns on your head.))
((You reflexively headbutt those who attack you in melee.))


Message History

You block the orc's attack.
You hit the orc but do no damage. You headbutt the orc, but do no damage.
The orc is heavily wounded.
You block the orc's attack.
You barely miss the orc. You headbutt the orc.
The orc is almost dead.
The orc hits you but does no damage.
You hit the orc.
You kill the orc!
You hit the orc.
The orc is severely wounded.
You block the orc's attack.
You closely miss the orc.
The orc is severely wounded.
The orc barely misses you.
You hit the orc.
You kill the orc!
You hit the jelly. The acid corrodes you!
Your hands burn!
You headbutt the jelly, but do no damage.
The jelly is lightly wounded.
The jelly hits you but does no damage.
You hit the jelly but do no damage. The acid corrodes you!
Your hands burn!
The jelly is lightly wounded.
The jelly hits you. The acid corrodes you!
You are splashed with acid!
You hit the jelly but do no damage.
Your hands burn!
The jelly is lightly wounded.
The jelly hits you.
You are splashed with acid!
* * * LOW HITPOINT WARNING * * *
You hit the jelly but do no damage.
Your hands burn!
* * * LOW HITPOINT WARNING * * *
The jelly is lightly wounded.
The jelly hits you but does no damage.
Okay, then.
Really quaff the potion of lignification?
You turn into a tree.
The +9 scales of the Dragon King {rPois rF+ rC+ Will+} melds into your body.
Your roots penetrate the ground.
The jelly hits you.
* * * LOW HITPOINT WARNING * * *
You are splashed with acid!
You die...

...# ###..# .#..#
#..# ##..# #...# .#
##...###
$..##......########
#..$#©....#.....♣J.#
....#.....########.#
..# ###...#
#>....... ... #...#
###...... ###
###..###### ......
#©## #©#.......#
.....
#..##.##..####..
).... ....###...#
.... ..........#
....


You could see a jelly.

Vanquished Creatures
  2 adders
  2 worms (D:2)
  3 dart slugs
  2 orcs (D:4)
  7 ball pythons
  2 bats
  7 endoplasms
  6 giant cockroaches (D:2)
  A goblin (D:1)
  3 hobgoblins
  4 frilled lizards
  6 kobolds
45 creatures vanquished.

Vanquished Creatures (others)
  An orc wizard (D:4)
1 creature vanquished.

Grand Total: 46 creatures vanquished

Notes
Turn   | Place    | Note
-------+----------+-------------------------------------------
     0 | D:1      | Hubris850 the Minotaur Fighter began the quest for the Orb.
     0 | D:1      | Reached XP level 1. HP: 19/19 MP: 0/0
   280 | D:1      | Reached XP level 2. HP: 13/27 MP: 1/1
   856 | D:2      | Found a faded altar of an unknown god.
   991 | D:2      | Reached XP level 3. HP: 28/33 MP: 2/2
  1657 | D:3      | Identified a scroll of acquirement
  1657 | D:3      | Acquired a manual of Polearms
  2044 | D:3      | Reached XP level 4. HP: 32/41 MP: 3/3
  2292 | D:3      | Found the +9 scales of the Dragon King {rPois rF+ rC+
                  | Will+}
  2293 | D:3      | Found a blossoming altar of Fedhas.
  2395 | D:4      | Reached skill level 1 in Polearms
  2431 | D:4      | Found a transporter.
  2432 | D:4      | Found a transporter.
  2487 | D:4      | HP: 1/41 [acid (3)]
  2488 | D:4      | Splashed by a jelly's acid

Illustrated notes

Levels and vault maps discovered:
D:1:      elethiomel_arrival_quiet, layout_loops_cross
D:2:      layout_basic, chequers_ecumenical_altar_simple_redux,
          minmay_worlds_worst_comb
D:3:      layout_basic, lemuel_coloured_pillars_altar
D:4:      cheibrodos_greedy_goblins, layout_rooms, serial_shops, shop,
          gammafunk_ghost_abyssal_escape

Skill      XL: |  1  2  3  4 |
---------------+-------------+-----
Fighting       | 4 |  4.7
Shields        | 4 |  4.6
Armour         | 4 |  4.6
Polearms       | 1 |  1.6
Axes           | |  2.4

Action                     |  1- 3 |  4- 6 || total
---------------------------+-------+-------++-------
  Melee: War axe           |    64 |       ||    64
         Headbutt          |    10 |     6 ||    16
         Spear             |    10 |    48 ||    58
    Use: Scroll            |     6 |     3 ||     9
         Potion            |       |     1 ||     1
 Armour: Scale mail        |    31 |     5 ||    36
         Gold dragon scale |       |    23 ||    23
  Dodge: Dodged            |    32 |     7 ||    39
  Block: Buckler           |     7 |     8 ||    15

Table legend: (Time is in decaauts)
 A = Elapsed time spent in this place.
 B = Non-inter-level travel time spent in this place.
 C = Inter-level travel time spent in this place.
 D = Time resting spent in this place.
 E = Time spent auto-exploring this place.
 F = Levels seen in this place.
 G = Mean time per level.
                   A        B        C        D        E       F      G
               +--------+--------+--------+--------+--------+-----+--------+
         Total |   2515 |   2290 |    225 |      0 |   1906 |   4 |  628.8 |
       Dungeon |   2515 |   2290 |    225 |      0 |   1906 |   4 |  628.8 |
               +--------+--------+--------+--------+--------+-----+--------+

Top non-repeatable levels by time:
     D:2: 962 daAuts
     D:1: 788 daAuts
     D:3: 661 daAuts
     D:4: 104 daAuts
